 Dungeon Sprint DCSS version 0.21-a0-417-g0adc95b (webtiles) character file.

952 Kidiri the Fighter (level 7, -10/69 HPs)
             Began as a Red Draconian Transmuter on Nov 3, 2017.
             Was a Follower of Wu Jian.
             Mangled by a red devil
             ... wielding a +0 trident
             ... summoned by a kobold demonologist
              (20 damage)
             ... in the Dungeon (Sprint I: "Red Sonja").
             The game lasted 00:04:07 (1335 turns).

Kidiri the Fighter (Red Draconian Transmuter)       Turns: 1335, Time: 00:04:09

Health: -10/69     AC:  6    Str: 12    XL:     7   Next: 90%
Magic:  6/14       EV: 14    Int: 14    God:    Wu Jian [*.....]
Gold:   424        SH:  0    Dex: 13    Spells: 1/16 levels left

rFire    + . .     SeeInvis .     - Unarmed
rCold    . . .     Gourm    .   (shield currently unavailable)
rNeg     . . .     Faith    .   (armour unavailable)
rPois    .         Spirit   .   (helmet restricted)
rElec    .         Reflect  .   (no cloak)
rCorr    .         Harm     .   (gloves currently unavailable)
MR       .....     NoTele   +   (no boots)
Stlth    +++.......             (no amulet)
HPRegen  0.21/turn              (no ring)
MPRegen  0.14/turn              (no ring)

@: short of breath, blade hands
A: breathe fire, unfitting armour, fire resistance 1, cold-blooded, AC +6
a: Breathe Fire, End Transformation, Renounce Religion


You were in the Dungeon.
You worshipped Wu Jian.
Wu Jian was aware of your devotion.
You were not hungry.
You had blades for hands.
You visited 1 branch You collected 424 gold pieces.

Inventory:

Hand Weapons
 e - a +0 club
 l - a +0 giant club
 n - a +0 scythe
Missiles
 a - 8 arrows
 p - 24 stones (quivered)
Armour
 h - a +0 chain mail
 o - a +0 robe
Wands
 j - a wand of polymorph (0/24)
 k - a wand of flame (14/48)
Scrolls
 i - a scroll of blinking
Potions
 f - a potion of haste
 g - 2 potions of magic
Books
 b - a book of Changes

   Spells                             Type                      Level
   a - Beastly Appendage              Transmutation                1
   b - Sticks to Snakes               Transmutation                2
   c - Spider Form                    Transmutation/Poison         3
   d - Ice Form                       Ice/Transmutation            4
   e - Blade Hands                    Transmutation                5


   Skills:
 * Level 8.5 Fighting
 + Level 5.2 Dodging
 + Level 5.2 Stealth
 * Level 8.3 Unarmed Combat
 + Level 5.3 Spellcasting
 * Level 8.0 Transmutations
 + Level 3.5 Ice Magic
 + Level 3.5 Poison Magic


You had one spell level left.
You knew the following spells:

 Your Spells              Type           Power        Failure   Level  Hunger
a - Beastly Appendage     Tmut           ####..       13%         1    None
b - Sticks to Snakes      Tmut           ####....     14%         2    ##.....
c - Spider Form           Tmut/Pois      ###.......   32%         3    ###....
d - Ice Form              Ice/Tmut       ###.....     56%         4    ####...
e - Blade Hands           Tmut           ####......   58%         5    ######.


Dungeon Overview and Level Annotations

Branches:
Dungeon (1/1)

Altars:
Cheibriados
Dithmenos
Elyvilon
Fedhas
Gozag
Hepliaklqana
Kikubaaqudgha
Makhleb
Nemelex Xobeh
Okawaru
Qazlal
Ru
Sif Muna
Trog
Uskayaw
Vehumet
Wu Jian
Xom
Yredelemnul
Zin
The Shining One
Jiyva
Lugonu

Shops:
D [


Innate Abilities, Weirdness & Mutations

You can breathe blasts of fire.
Your fiery red scales are hard. (AC +6)
You cannot fit into any form of body armour.
Your flesh is heat resistant. (rF+)
You are cold-blooded and may be slowed by cold attacks.


Message History

The red devil hits you from afar with a trident.
* * * LOW HITPOINT WARNING * * *
Unknown command.
Unknown command.
You spin and attack the kobold demonologist repeatedly.
You closely miss the kobold demonologist.
Your tail-slap misses the kobold demonologist.
The kobold demonologist is lightly wounded.
You punch the kobold demonologist!
The kobold demonologist is moderately wounded.
The kobold demonologist casts a spell.
The red devil misses you. x2
Casting: Blade Hands
Confirm with . or Enter, or press ? or * to list all spells.
Your hands turn into razor-sharp scythe blades.
The kobold demonologist hits you but does no damage.
The red devil closely misses you. The ufetubus closely misses you.
The ufetubus hits you but does no damage.
The red devil hits you from afar with a trident!!
You die...

######################
..'..#..'..#__#5@K45.#
..#..'..#..'..'.5#4..#
####+#####'#__####4..+
###..#...#.#### #####
__####..##.#
_____##+#_.+
_.∩...+..._#
_..__##_.#+#
_____###+#.#


You could see a kobold demonologist, 2 red devils, a quasit, a shadow imp and an
ufetubus.

Vanquished Creatures
  A kobold demonologist (D)
  A slime creature (D)
  A yak (D)
  A floating eye (D)
  An ogre (D)
  A jelly (D)
  Ijyb (D)
7 creatures vanquished.

Vanquished Creatures (collateral kills)
  Sigmund (D)
1 creature vanquished.

Grand Total: 8 creatures vanquished

Notes
Turn   | Place    | Note
-------+----------+-------------------------------------------
     0 | D        | Kidiri the Draconian Transmuter began the quest for the Orb.
     0 | D        | Reached XP level 1. HP: 16/16 MP: 3/3
     3 | D        | Noticed Ijyb
    58 | D        | Killed Ijyb
    58 | D        | Reached skill level 1 in Stealth
    58 | D        | Reached XP level 2. HP: 26/26 MP: 3/5
   123 | D        | Learned a level 2 spell: Sticks to Snakes
   132 | D        | Noticed an ogre
   137 | D        | Killed an ogre
   137 | D        | Reached skill level 5 in Unarmed Combat
   137 | D        | Reached XP level 3. HP: 34/34 MP: 0/7
   137 | D        | Reached XP level 4. HP: 41/41 MP: 0/8
   306 | D        | Learned a level 4 spell: Ice Form
   411 | D        | Noticed Sigmund
   417 | D        | Killed Sigmund
   417 | D        | Reached skill level 5 in Transmutations
   417 | D        | Reached XP level 5. HP: 50/50 MP: 1/11
   505 | D        | Learned a level 3 spell: Spider Form
   524 | D        | Found an ornate altar of the Wu Jian Council.
   524 | D        | Found a deep blue altar of Sif Muna.
   610 | D        | Found a radiant altar of Vehumet.
   613 | D        | Became a worshipper of the Wu Jian Council
   615 | D        | Reached XP level 6. HP: 57/57 MP: 7/12
   782 | D        | Found Luylacs's Armour Emporium.
   782 | D        | Found an ancient bone altar of Kikubaaqudgha.
   782 | D        | Found a hazy altar of Hepliaklqana.
   782 | D        | Found a stormy altar of Qazlal.
   782 | D        | Found a hide-covered altar of Uskayaw.
   782 | D        | Found a blossoming altar of Fedhas.
   782 | D        | Found a bloodstained altar of Trog.
   782 | D        | Found an iron altar of Okawaru.
   782 | D        | Found a basalt altar of Yredelemnul.
   782 | D        | Found a glowing golden altar of the Shining One.
   782 | D        | Found a snail-covered altar of Cheibriados.
   782 | D        | Found a sacrificial altar of Ru.
   782 | D        | Found a glowing silver altar of Zin.
   782 | D        | Found a shadowy altar of Dithmenos.
   782 | D        | Found a white marble altar of Elyvilon.
   782 | D        | Noticed a yak
   783 | D        | Found an opulent altar of Gozag.
   788 | D        | Killed a yak
   789 | D        | Found a sparkling altar of Nemelex Xobeh.
  1009 | D        | Found a burning altar of Makhleb.
  1009 | D        | Found a viscous altar of Jiyva.
  1009 | D        | Found a shimmering altar of Xom.
  1009 | D        | Found a corrupted altar of Lugonu.
  1009 | D        | Noticed a slime creature
  1034 | D        | Killed a slime creature
  1034 | D        | Reached * piety under Wu Jian
  1034 | D        | Your scales start taking on a fiery red colour.
  1034 | D        | Reached XP level 7. HP: 16/66 MP: 8/14
  1034 | D        | Gained mutation: Your flesh is heat resistant. (rF+) [Red Draconian growth]
  1317 | D        | Learned a level 5 spell: Blade Hands
  1321 | D        | Noticed a kobold demonologist
  1322 | D        | Noticed a red devil
  1322 | D        | Noticed a kobold demonologist
  1323 | D        | Noticed a red devil
  1324 | D        | Noticed a chaos spawn
  1325 | D        | Reached skill level 5 in Spellcasting
  1332 | D        | Killed a kobold demonologist
  1332 | D        | Reached skill level 5 in Dodging
  1332 | D        | Reached skill level 5 in Stealth
  1335 | D        | Mangled by a red devil

Vault maps used:
D:        dungeon_sprint_1

Skill      XL: |  1  2  3  4  5  6  7 |
---------------+----------------------+-----
Fighting       | 3 4 6 7 8 |  8.5
Dodging        | 2 3 4 5 |  5.2
Stealth        | 1 2 3 4 5 |  5.2
Unarmed Combat | 4 5 6 7 8 |  8.3
Transmutations | 3 4 5 6 7 8 |  8.0
Spellcasting   | 3 4 5 |  5.3
Ice Magic      | 2 3 |  3.5
Poison Magic   | 2 3 |  3.5

Action                   |  1- 3 |  4- 6 |  7- 9 || total
-------------------------+-------+-------+-------++-------
Melee: Unarmed           |    48 |    21 |    10 ||    79
       Headbutt          |     2 |       |       ||     2
       Kick              |     2 |       |       ||     2
       Tailslap          |     1 |       |     2 ||     3
 Cast: Beastly Appendage |     3 |       |       ||     3
       Sticks to Snakes  |     2 |     2 |       ||     4
       Ice Form          |       |     3 |       ||     3
       Spider Form       |       |     2 |       ||     2
       Blade Hands       |       |       |     2 ||     2
 Abil: Breathe Fire      |       |       |     1 ||     1
  Use: Potion            |     2 |       |     1 ||     3
 Stab: Sleeping          |     1 |     3 |       ||     4
       Distracted        |       |     1 |       ||     1
  Eat: Bread ration      |       |     1 |       ||     1
Armor: Skin              |     2 |     1 |     5 ||     8
Dodge: Dodged            |    19 |     6 |    10 ||    35

Table legend:
 A = Spawn XP
 B = Non-spawn XP
 C = Spawn XP percentage of total XP
 D = Spawn monster count
 E = Non-spawn monster count
 F = Spawn count percentage of total count
 G = Total turns spent on level
                    A         B        C        D         E        F      G
               +---------+---------+-------+---------+---------+-------+---------
         Total |       0 |    1361 |   0.0 |       0 |       8 |   0.0 |  1335
               +---------+---------+-------+---------+---------+-------+---------
             D |       0 |    1361 |   0.0 |       0 |       8 |   0.0 |  1335
               +---------+---------+-------+---------+---------+-------+---------
